 Dungeon Crawl Stone Soup version 0.23.2-1-ga50397a6bc (webtiles) character file.

Game seed: 6431915261426312422

469 Ethylacetat the Poker (level 6, -1/48 HPs)
             Began as a Demonspawn Gladiator on Apr 23, 2019.
             Killed by divine providence
             ... invoked by an orc priest
              (11 damage)
             ... on level 4 of the Dungeon.
             The game lasted 00:07:06 (2849 turns).

Ethylacetat the Poker (Demonspawn Gladiator)        Turns: 2849, Time: 00:07:06

Health: -1/48      AC:  8    Str: 15    XL:     6   Next: 82%
Magic:  6/6        EV: 13    Int:  9    God:
Gold:   147        SH:  0    Dex: 19    Spells: 5/5 levels left

rFire    . . .     SeeInvis .   o - +4 quarterstaff (chaos)
rCold    . . .     Gourm    .   (shield currently unavailable)
rNeg     . . .     Faith    .   b - +0 leather armour
rPois    .         Spirit   .   c - +0 helmet
rElec    .         Reflect  .   p - +1 cloak {MR+}
rCorr    .         Harm     .   (no gloves)
MR       +....                  (no boots)
Stlth    ++........             (no amulet)
HPRegen  0.16/turn              i - +3 ring of dexterity (curse)
MPRegen  0.10/turn              (no ring)

@: no status effects
A: icy blue scales 1, spiny 1
a: no special abilities


You were on level 4 of the Dungeon.
You were not hungry.

You visited 1 branch of the dungeon, and saw 4 of its levels.

You collected 147 gold pieces.

Inventory:

Hand Weapons
 a - a +0 trident
 o - a +4 quarterstaff of chaos (weapon)
Missiles
 d - 2 throwing nets (quivered)
Armour
 b - a +0 leather armour (worn)
 c - a +0 helmet (worn)
 j - a +0 buckler
 p - a +1 cloak of magic resistance (worn)
Jewellery
 i - a cursed +3 ring of dexterity (left hand)
Scrolls
 h - 2 scrolls of remove curse {unknown}
 k - a scroll of enchant weapon {unknown}
 q - 2 scrolls of amnesia {unknown}
 t - a scroll of immolation {unknown}
 u - a scroll of teleportation {unknown}
 v - 3 scrolls of fear {unknown}
 x - a scroll of fog {unknown}
Potions
 e - a potion of agility {unknown}
 g - 4 potions of curing {unknown}
 l - 3 potions of lignification {unknown}
 n - a potion of haste {unknown}
 r - 2 potions of might {unknown}
 s - a potion of degeneration {unknown}
 w - a potion of magic {unknown}
Comestibles
 f - 9 rations
 m - 8 chunks of flesh


   Skills:
 + Level 3.9 Fighting
 * Level 5.2 Polearms
 - Level 1.8 Throwing
 - Level 3.0 Dodging
 - Level 0.4 Stealth
 + Level 2.8 Shields


You had 5 spell levels left.
You didn't know any spells.
Your spell library was empty.

Dungeon Overview and Level Annotations

Branches:
Dungeon (4/15)
 Temple: D:4-7

Altars:
Dithmenos
Qazlal
Ru


Innate Abilities, Weirdness & Mutations

You are partially covered in icy blue scales. (AC +2)
You are partially covered in sharp spines.


Message History

You hear a shout!
The orc wizard gestures at you while chanting.
The magic dart hits you.
* * * LOW HITPOINT WARNING * * *
You hear a shout!
You closely miss the orc wizard.
The orc wizard is severely wounded.
The orc wizard is struck by your spines.
You kill the orc wizard!
An orc priest comes into view. It is wielding a +0 flail.
There are no items here.
There is an open door here.
The orc hits you with a +0 hand axe.
* * * LOW HITPOINT WARNING * * *
You hit the orc.
The orc is poisoned.
The orc is heavily wounded.
The orc is struck by your spines. The orc misses you.
The orc priest mumbles some strange prayers to Beogh against you.
Beogh smites you!
You die...

#.........#
###'#####.#
#.# #.# #.#
#$# #.# #.#
#.# #.# #o#
.#
#o#####.#
#.@.....#
#########


You could see an orc priest and an orc.

Vanquished Creatures
  Menkaure (D:4)
  An ice beast (D:3)
  Crazy Yiuf (D:2)
  2 orc wizards
  An iguana (D:3)
  A worker ant (D:4)
  4 adders (D:2)
  A worm (D:2)
  6 dart slugs
  3 leopard geckos
  10 orcs (D:3)
  2 ball pythons (D:3)
  2 giant cockroaches (D:2)
  7 hobgoblins
  6 jackals
  A quokka (D:3)
  4 bats (D:1)
  A frilled lizard (D:2)
  9 goblins
  6 kobolds
  7 rats
76 creatures vanquished.

Notes
Turn   | Place    | Note
-------+----------+-------------------------------------------
     0 | D:1      | Ethylacetat the Demonspawn Gladiator began the quest for
                  | the Orb.
     0 | D:1      | Reached XP level 1. HP: 16/16 MP: 1/1
   178 | D:1      | Gained mutation: You are partially covered in icy blue
                  | scales. (AC +2) [demonic ancestry]
   178 | D:1      | Reached XP level 2. HP: 7/22 MP: 2/2
   641 | D:1      | Reached skill level 3 in Polearms
   810 | D:1      | Reached XP level 3. HP: 19/27 MP: 3/3
  1278 | D:2      | Reached skill level 1 in Shields
  1347 | D:2      | Found a runed translucent door.
  1348 | D:2      | Noticed Crazy Yiuf
  1393 | D:2      | Killed Crazy Yiuf
  1393 | D:2      | Reached XP level 4. HP: 12/34 MP: 4/4
  1670 | D:2      | Found a sacrificial altar of Ru.
  1675 | D:2      | Found a stormy altar of Qazlal.
  2149 | D:3      | Found a shadowy altar of Dithmenos.
  2156 | D:3      | Reached skill level 4 in Polearms
  2156 | D:3      | Gained mutation: You are partially covered in sharp spines.
                  | [demonic ancestry]
  2156 | D:3      | Reached XP level 5. HP: 41/41 MP: 5/5
  2661 | D:3      | Noticed an ice beast
  2670 | D:3      | Killed an ice beast
  2670 | D:3      | Reached XP level 6. HP: 47/47 MP: 6/6
  2804 | D:4      | Noticed Menkaure
  2813 | D:4      | Killed Menkaure
  2813 | D:4      | Reached skill level 5 in Polearms
  2849 | D:4      | Killed from afar by an orc priest

Skill      XL: |  1  2  3  4  5  6 |
---------------+-------------------+-----
Dodging        | 3 |  3.0
Polearms       | 3 4 5 |  5.2
Shields        | 1 2 |  2.8
Fighting       | 3 |  3.9
Throwing       | |  1.8
Stealth        | |  0.4

Action                   |  1- 3 |  4- 6 || total
-------------------------+-------+-------++-------
Melee: Trident           |   110 |       ||   110
       Quarterstaff      |       |    78 ||    78
Throw: Throwing net      |     2 |       ||     2
 Stab: Sleeping          |     5 |     3 ||     8
       Held in net/web   |     1 |       ||     1
  Eat: Chunk             |     2 |     4 ||     6
Armor: Leather armour    |    20 |    21 ||    41
Dodge: Dodged            |    50 |    41 ||    91
